 Seeded DCSS version 0.30.0-17-ge0270778cf (webtiles) character file.

Game seed: 424073725385337585 (custom seed)

7926 RascalDebosk the Fighter (level 11, -17/85 HPs)
             Began as a Djinni Warper on May 21, 2023.
             Was an Initiate of Ashenzari.
             Killed from afar by a tengu conjurer (22 damage)
             ... with a bolt of lightning
             ... on level 10 of the Dungeon.
             The game lasted 01:11:03 (9452 turns).

RascalDebosk the Fighter (Djinni Warper)            Turns: 9452, Time: 01:11:04

Health: -17/85     AC: 13    Str: 10    XL:     11   Next: 46%
Gold:   459        EV: 10    Int: 18    God:    Ashenzari [......] SH:  9 Dex: 14

rFire   + + .        K - +2 scimitar (protect)
rCold   . . .        A - +0 kite shield
rNeg    . . .        L - +0 steam dragon scales
rPois   ∞            w - +0 helmet
rElec   .            y - +0 cloak
rCorr   .            j - +0 pair of gloves
SInv    .            (boots unavailable)
Will    +....        k - amulet of regeneration
Stlth   +            x - +4 ring of protection
HPRegen 1.14/turn    D - ring of protection from cold
MPRegen 0.00/turn

%: infuse magic (-18 HP)
@: flying
A: sickness immunity, fire resistance 2, cold vulnerability 1, float, innate
caster, HP casting, extra vitality 1
a: Renounce Religion, Curse Item


You were on level 10 of the Dungeon.
You worshipped Ashenzari.
Ashenzari was noncommittal.
You visited 2 branches of the dungeon, and saw 11 of its levels.

You collected 572 gold pieces.
You spent 113 gold pieces at shops.

Inventory:

Hand Weapons
 K - a +2 scimitar of protection (weapon)
 M - a +0 hand axe
Missiles
 d - 5 boomerangs of dispersal (quivered)
 q - 108 stones
 z - 11 throwing nets {@!f}
 B - 9 boomerangs
Armour
 j - a +0 pair of gloves (worn)
 w - a +0 helmet (worn)
 y - a +0 cloak (worn)
 A - a +0 kite shield (worn)
 L - +0 steam dragon scales (worn)
Jewellery
 k - an amulet of regeneration (around neck)
 x - a +4 ring of protection (left hand)
 C - a +5 ring of evasion
 D - a ring of protection from cold (right hand)
Wands
 r - a wand of paralysis (14)
 J - a wand of quicksilver (11)
Scrolls
 b - a scroll of silence {unknown}
 c - 12 scrolls of identify {unknown}
 e - 3 scrolls of butterflies {unknown}
 g - 3 scrolls of blinking
 h - 4 scrolls of amnesia {unknown}
 l - 2 scrolls of magic mapping {unknown}
 o - 4 scrolls of teleportation {unknown}
 p - 2 scrolls of fear {unknown}
 t - 2 scrolls of vulnerability {unknown}
 u - a scroll of acquirement {unknown}
 v - 2 scrolls of enchant weapon {unknown}
 F - a scroll of enchant armour {unknown}
 G - a scroll of noise {unknown}
 H - a scroll of poison {unknown}
Potions
 a - a potion of attraction {unknown}
 f - 8 potions of curing {unknown}
 i - 2 potions of haste {unknown}
 m - a potion of might {unknown}
 n - 5 potions of heal wounds {unknown}
 s - a potion of cancellation {unknown}
 E - a potion of ambrosia {unknown}
 I - a potion of brilliance {unknown}


   Skills:
 * Level 9.8 Fighting
 - Level 4.5 Long Blades
 + Level 4.1 Staves
 - Level 0.7 Throwing
 - Level 4.0 Armour
 - Level 2.1 Dodging
 - Level 4.0 Shields
 * Level 8.5 Spellcasting
 + Level 3.2 Evocations


You knew the following spells:

 Your Spells              Type           Power      Damage    Failure   Level
a - Blink                 Tloc           76%        N/A       1%          2
b - Lesser Beckoning      Tloc           76%        N/A       1%          2
c - Vhi's Electric Charg  Tloc/Air       76%        N/A       3%          3
d - Teleport Other        Tloc           38%        N/A       3%          3
e - Manifold Assault      Tloc           38%        N/A       12%         4
f - Magic Dart            Conj           100%       1d8       1%          1
g - Poisonous Vapours     Pois/Air       76%        N/A       1%          2
h - Spider Form           Tmut/Pois      38%        N/A       3%          3
i - Cause Fear            Hex            19%        N/A       12%         4
j - Animate Armour        Summ/Erth      76%        N/A       12%         4
Your spell library was empty.

Dungeon Overview and Level Annotations

Branches:
Dungeon (10/15)            Temple (1/1) D:5            Lair (0/5) D:10
    Orc: D:9-12

Altars:
Ashenzari
Cheibriados
Dithmenos
Elyvilon
Fedhas
Gozag
Hepliaklqana
Makhleb
Nemelex Xobeh
Okawaru
Qazlal
Ru
Trog
Uskayaw
Wu Jian
Xom
Yredelemnul
Zin
The Shining One

Shops:
D:5 *   D:6 =

Annotations:
D:5 3 runed translucent doors, SnakkuSnakku7's ghost, amateur AtAr


Innate Abilities, Weirdness & Mutations

You are immune to sickness and miasma.
You are immune to poison.
Your flesh is very heat resistant. (rF++)
You are vulnerable to cold. (rC-)
You float through the air rather than walking.
You learn spells naturally, not from books.
Your magical power is your life essence.
You have superior vitality. (+4 MHP)


Message History

The tengu conjurer barely misses you. x2; The tengu conjurer misses you.
The battlesphere moves out of view.
Casting: Manifold Assault (dangerous; 12% risk of failure)
Confirm with . or Enter, or press ? or * to list all spells.
Space momentarily warps into an impossible shape!
You miss the tengu conjurer. You slash the battlesphere!
You hit the tengu conjurer. You block the tengu conjurer's attack.
The tengu conjurer barely misses you. x3
The tengu conjurer pecks you but does no damage.
The tengu conjurer barely misses you. The tengu conjurer hits you.
* * * LOW HITPOINT WARNING * * *
The tengu conjurer closely misses you.
The tengu conjurer claws you but does no damage.
The tengu conjurer hits you but does no damage.
The tengu conjurer pecks you but does no damage.
You block the tengu conjurer's attack.
The tengu conjurer hits you but does no damage.
The tengu conjurer barely misses you.
The tengu conjurer claws you but does no damage.
The tengu conjurer barely misses you. The tengu conjurer pecks you.
* * * LOW HITPOINT WARNING * * *
The tengu conjurer claws you but does no damage.
Casting: Manifold Assault (dangerous; 12% risk of failure)
Confirm with . or Enter, or press ? or * to list all spells.
You blink.
* * * LOW HITPOINT WARNING * * *
The tengu conjurer points at you and mumbles some strange words.
The bolt of lightning hits you!
* * * LOW HITPOINT WARNING * * *
The tengu conjurer mumbles some strange words.
The tengu conjurer blinks!
You feel stable enough to blink again.
Found 2 clear potions.
Your magical contamination has completely faded away.
You start resting.
There are monsters nearby!
Casting: Blink (safe; 1% risk of failure)
Confirm with . or Enter, or press ? or * to list all spells.
Aiming: Poisonous Vapours (safe; 1% risk of failure)
Press: ? - help, Dir - move target, f/p - tengu conjurer
Aim: a tengu conjurer (severely wounded, very poisoned) Poisonous vapours surround the tengu conjurer!
The tengu conjurer looks as sick as possible!
* * * LOW HITPOINT WARNING * * *
The tengu conjurer casts a spell.
The tengu conjurer blinks!
The tengu conjurer attacks as you move away!
The tengu conjurer hits you.
* * * LOW HITPOINT WARNING * * *
The tengu conjurer pecks you but does no damage.
The tengu conjurer claws you but does no damage.
You kill the tengu conjurer!
The tengu conjurer points at you and mumbles some strange words.
The bolt of lightning misses you.
A wraith comes into view.
There is an open door here.
Casting: Poisonous Vapours (safe; 1% risk of failure)
Confirm with . or Enter, or press ? or * to list all spells.
Aiming: Poisonous Vapours (safe; 1% risk of failure)
Press: ? - help, Dir - move target, f - tengu conjurer
Aim: a tengu conjurer (severely wounded) Poisonous vapours surround the tengu conjurer!
The tengu conjurer is poisoned.
* * * LOW HITPOINT WARNING * * *
Casting: Poisonous Vapours (safe; 1% risk of failure)
Confirm with . or Enter, or press ? or * to list all spells.
Aiming: Poisonous Vapours (safe; 1% risk of failure)
Press: ? - help, Dir - move target, f/p - tengu conjurer
Aim: a tengu conjurer (severely wounded, very poisoned) Poisonous vapours surround the tengu conjurer!
The tengu conjurer looks as sick as possible!
* * * LOW HITPOINT WARNING * * *
The tengu conjurer gestures at you while chanting.
The bolt of lightning hits you!
* * * LOW HITPOINT WARNING * * *
You feel a bit more experienced.
The tengu conjurer mumbles some strange words.
The tengu conjurer conjures a globe of magical energy!
A battlesphere comes into view.
Casting: Poisonous Vapours (safe; 1% risk of failure)
Confirm with . or Enter, or press ? or * to list all spells.
Aiming: Poisonous Vapours (safe; 1% risk of failure)
Press: ? - help, Dir - move target, f - tengu conjurer
Aim: a tengu conjurer Poisonous vapours surround the tengu conjurer!
The tengu conjurer is poisoned.
* * * LOW HITPOINT WARNING * * *
Casting: Poisonous Vapours (safe; 1% risk of failure)
Confirm with . or Enter, or press ? or * to list all spells.
Aiming: Poisonous Vapours (safe; 1% risk of failure)
Press: ? - help, Dir - move target, f/p - tengu conjurer
Aim: a tengu conjurer (very poisoned) Poisonous vapours surround the tengu conjurer!
The tengu conjurer looks as sick as possible!
* * * LOW HITPOINT WARNING * * *
The tengu conjurer casts a spell at you.
The bolt of lightning hits you!!
* * * LOW HITPOINT WARNING * * *
The bolt of lightning hits you!!
You die...

....#...!..§...#..............#
...##..##°Q##..##.+#######....#
...# ##....##..#.....# #..#.#
...#. #[.##..#..#..##.# #....#
...#..#..##..#..#.###.# #....#
...#..##.*..##..#...'. #.##.#
...##..##..##W.##.#.# #.##.#
....#..........#....#### #....#
....##........##@###...###....#
.....###....###....+.#>.......#
.......###'##...#..#.#..#..##.#
............Q*#.#.##..........#
............W...#.#######.....#
................#.# #.....#
.........##.:...'.# #.....#
.............##.#<# ####.....#
................#.## #........#


You could see a wraith, a tengu conjurer (extremely poisoned) and a
battlesphere.

Vanquished Creatures
  A two-headed ogre (D:10)
  2 tengu conjurers (D:10)
  A wraith (D:10)
  A vampire (D:9)
  A shadow (D:10)
  5 yaks (D:9)
  7 steam dragons
  3 orc warriors
  2 ice beasts
  2 sky beasts (D:7)
  2 black bears
  2 ogres (D:5)
  5 centaurs
  3 phantoms (D:6)
  2 kobold brigands (D:8)
  3 bullfrogs
  3 scorpions
  4 gnoll sergeants
  18 killer bees
  6 howler monkeys (D:8)
  5 hounds (D:5)
  2 jellies
  Crazy Yiuf (D:4)
  3 gnoll boudas
  6 orc priests
  4 sleepcaps
  Ijyb (D:3)
  5 iguanas
  5 orc wizards
  Robin (D:4)
  26 gnolls
  5 adders
  A white imp (D:6)
  An ufetubus (D:6)
  6 dart slugs
  24 orcs
  4 ball pythons
  7 bats
  12 endoplasms
  5 giant cockroaches
  19 goblins
  14 hobgoblins
  13 jackals
  4 quokkas
  A frilled lizard (D:2)
  7 kobolds
  7 rats
  A spectral orc (D:6)
263 creatures vanquished.

Vanquished Creatures (collateral kills)
  A centaur (D:9)
1 creature vanquished.

Vanquished Creatures (others)
  A wizard (D:9)
1 creature vanquished.

Grand Total: 265 creatures vanquished

Notes
Turn   | Place    | Note
-------+----------+-------------------------------------------
     0 | D:1      | RascalDebosk the Djinni Warper began the quest for the Orb.
     0 | D:1      | RascalDebosk set off with the following spells memorised:
                  | Blink, Lesser Beckoning, Vhi's Electric Charge, Teleport
                  | Other, Manifold Assault.
     0 | D:1      | Reached XP level 1. HP: 18/18 MP: 0/0
   205 | D:1      | Reached XP level 2. HP: 22/23 MP: 0/0
   308 | D:1      | Reached XP level 3. HP: 19/28 MP: 0/0
   308 | D:1      | Learned a level 1 spell: Magic Dart
  1213 | D:2      | Reached XP level 4. HP: 31/33 MP: 0/0
  2089 | D:3      | Found an ornate altar of the Wu Jian Council.
  2110 | D:3      | Reached XP level 5. HP: 36/38 MP: 0/0
  2110 | D:3      | Learned a level 2 spell: Poisonous Vapours
  2182 | D:3      | Noticed Ijyb
  2215 | D:3      | Killed Ijyb
  2411 | D:3      | HP: 1/39 [gnoll/+0 halberd (7)]
  2436 | D:3      | HP: 1/39 [gnoll/+0 halberd (12)]
  2636 | D:4      | Reached XP level 6. HP: 45/45 MP: 0/0
  2715 | D:4      | Reached skill level 3 in Fighting
  3026 | D:4      | Found a runed translucent door.
  3048 | D:4      | Reached XP level 7. HP: 47/50 MP: 0/0
  3048 | D:4      | Learned a level 3 spell: Spider Form
  3060 | D:4      | Noticed Robin
  3074 | D:4      | Killed Robin
  3135 | D:4      | Noticed Crazy Yiuf
  3451 | D:4      | Killed Crazy Yiuf
  3482 | D:5      | Entered Level 5 of the Dungeon
  3570 | D:4      | Reached skill level 4 in Fighting
  3630 | D:4      | Reached skill level 5 in Spellcasting
  3743 | D:5      | Reached XP level 8. HP: 58/58 MP: 0/0
  3886 | D:5      | Found Wovow's Assorted Antiques.
  3892 | D:5      | Bought a scroll labelled QAUHUI QEFITS for 29 gold pieces
  3892 | D:5      | Bought a scroll labelled QAUHUI QEFITS for 29 gold pieces
  3892 | D:5      | Bought a scroll labelled QAUHUI QEFITS for 29 gold pieces
  3892 | D:5      | Bought a white potion for 26 gold pieces
  3897 | D:5      | Found a runed translucent gate.
  3897 | D:5      | Found a runed translucent gate.
  3897 | D:5      | Found a runed translucent gate.
  3900 | D:5      | Found an opulent altar of Gozag.
  3902 | D:5      | Noticed a hornet
  3902 | D:5      | Noticed SnakkuSnakku7's ghost (amateur AtAr)
  4031 | D:5      | Reached skill level 5 in Fighting
  4341 | D:5      | Reached XP level 9. HP: 43/66 MP: 0/0
  4341 | D:5      | Learned a level 4 spell: Cause Fear
  4635 | D:5      | Reached skill level 6 in Fighting
  4706 | D:5      | HP: 1/66 [centaur/arrow (6)]
  4808 | D:5      | Reached skill level 1 in Shields
  4888 | D:5      | Found a staircase to the Ecumenical Temple.
  4894 | Temple   | Entered the Ecumenical Temple
  5095 | D:6      | Found a basalt altar of Yredelemnul.
  5280 | D:6      | Found Dutzeamp's Jewellery Emporium.
  5467 | D:6      | Reached skill level 7 in Fighting
  6161 | D:7      | Reached skill level 1 in Staves
  6267 | D:7      | Reached XP level 10. HP: 75/75 MP: 0/0
  6603 | D:7      | Reached skill level 8 in Fighting
  6787 | D:8      | Found a broken altar of Ashenzari.
  6794 | D:8      | Became a worshipper of Ashenzari the Shackled
  6832 | D:8      | Found a snail-covered altar of Cheibriados.
  6886 | D:8      | Found a hazy altar of Hepliaklqana.
  7049 | D:8      | Found a shimmering altar of Xom.
  7628 | D:9      | Found a glowing silver altar of Zin.
  7715 | D:8      | Reached skill level 1 in Evocations
  7980 | D:9      | Reached skill level 9 in Fighting
  7980 | D:9      | Reached XP level 11. HP: 82/84 MP: 0/0
  7980 | D:9      | Learned a level 4 spell: Animate Armour
  8656 | D:9      | Found a bloodstained altar of Trog.
  8658 | D:9      | Noticed a wizard
  8662 | D:9      | Killed a wizard
  8768 | D:10     | Entered Level 10 of the Dungeon
  8877 | D:10     | Found a staircase to the Lair.
  9062 | D:10     | Noticed a two-headed ogre
  9117 | D:10     | Killed a two-headed ogre
  9415 | D:10     | Found the sphere of Battle
  9452 | D:10     | Killed from afar by a tengu conjurer

Illustrated notes

Levels and vault maps discovered:
D:1:      evilmike_arrival_crescent, layout_loops_corners
D:2:      layout_basic, minmay_misc_feat_cross, kennysheep_cross_room
D:3:      layout_rooms, nzn_wu_jian_contemplation, uniq_ijyb
D:4:      layout_loops_ring, uniq_robin, uniq_crazy_yiuf_cottage
D:5:      layout_cave_pools, minmay_temple_entry_hall, serial_gnoll_camp,
          gnoll_camp_mini_house, gnoll_camp_mini_shop, gnoll_camp_mini_basic,
          gnoll_camp_medium_02, gnoll_camp_medium_01, ebering_ghost_gozag,
          lemuel_flame_loot_1
D:6:      layout_cave_pools, yredelemnul_forgotten_temple_becter, serial_shops,
          nicolae_shop_rolling_square
D:7:      layout_basic, grunt_decor_clamped
D:8:      minmay_recursive_quarters, layout_rooms,
          mainiacjoe_overflow_surrounded_room, cheibrodos_ashenzari_chains,
          kennysheep_slug_shrine, nicolae_vehumet_radiance,
          mainiacjoe_overflow_boulevard, enter_bailey_5, serial_glass,
          glass_columns_a, glass_columns_a, glass_columns_c, glass_columns_b,
          glass_columns_b, glass_columns_c, glass_columns_c, glass_columns_a,
          glass_columns_a, glass_columns_a, due_unseen_surprise,
          feat_on_display, item_on_display_a, item_on_display_a,
          grunt_decor_arrowhead, amcnicky_mini_corridor_feature
D:9:      layout_loops_ring, trog_wizard, mainiacjoe_overflow_cross_hatched
D:10:     layout_stronghold, lair_entry_dummy,
          hellmonk_guarded_unrand_sphere_of_battle
Temple:   nicolae_temple_god_jail

Skill      XL: |  1  2  3  4  5  6  7  8  9 10 11 |
---------------+----------------------------------+-----
Spellcasting   | 3 4 5 6 7 8 |  8.5
Long Blades    | 2 3 4 |  4.5
Fighting       | 3 4 5 7 9 |  9.8
Armour         | 2 3 4 |  4.0
Shields        | 2 4 |  4.0
Staves         | 1 3 4 |  4.1
Evocations     | 1 3 |  3.2
Throwing       | |  0.7
Dodging        | |  2.1

Action                     |  1- 3 |  4- 6 |  7- 9 | 10-12 || total
---------------------------+-------+-------+-------+-------++-------
  Melee: Falchion          |    58 |   126 |   381 |       ||   565
         Punch             |       |     3 |     7 |       ||    10
         Unarmed           |       |       |     2 |       ||     2
         Scimitar          |       |       |    21 |   332 ||   353
  Throw: Boomerang         |       |       |     2 |       ||     2
   Cast: Magic Dart        |    49 |    85 |   136 |    35 ||   305
         Manifold Assault  |       |     8 |    25 |    60 ||    93
         Lesser Beckoning  |       |     2 |       |       ||     2
         Poisonous Vapours |       |    33 |    90 |    60 ||   183
         Teleport Other    |       |     1 |    12 |       ||    13
         Blink             |       |       |     3 |     2 ||     5
         Spider Form       |       |       |     2 |       ||     2
         Cause Fear        |       |       |     5 |       ||     5
         Animate Armour    |       |       |       |     2 ||     2
 Armour: Leather armour    |    14 |    60 |   204 |       ||   278
         Steam dragon scal |       |       |    12 |   209 ||   221
  Dodge: Dodged            |    44 |   109 |   339 |   208 ||   700
  Block: Kite shield       |       |       |     6 |   214 ||   220
